 Dungeon Crawl Stone Soup version 0.16-a0-3699-g1c51eb1 (webtiles) character file.

196 vatarom the Caller (level 5, -6/35 HPs)
             Began as a Mummy Summoner on Jan 18, 2015.
             Mangled by a phantom (9 damage)
             ... on level 4 of the Dungeon.
             The game lasted 00:07:37 (3336 turns).

vatarom the Caller (Mummy Summoner)                 Turns: 3336, Time: 00:07:38

Health: -6/35      AC:  9    Str: 11    XL:     5   Next: 45%
Magic:  6/13       EV: 12    Int: 15    God:
Gold:   142        SH:  0    Dex: 12    Spells: 4 memorised, 2 levels left

rFire  x . .     SeeInvis .     h - +1 dagger (protect)
rCold  + . .     Clarity  .     a - +1 robe
rNeg   + + +     SustAb   .     (no shield)
rPois  ∞         Gourm    .     (no helmet)
rElec  .         Spirit   .     (no cloak)
rCorr  .         Warding  .     e - +0 pair of gloves
rMut   .         Stasis   .     (no boots)
MR     .....                    (no amulet)
Stlth  ++........               (no ring)
                                (no ring)

@: not resistant to hostile enchantments, unstealthy
A: no food or potions, fire vulnerability, restore body, cold resistance 1,
negative energy resistance 3, poison resistance, torment resistance, unbreathing
a: no special abilities


You were on level 4 of the Dungeon.
You were not hungry.

You visited 1 branch of the dungeon, and saw 4 of its levels.

You collected 142 gold pieces.

Inventory:

Hand weapons
 h - a +1 dagger of protection (weapon)
Armour
 a - a +1 robe (worn)
 e - a +0 pair of gloves (worn)
Scrolls
 c - 4 scrolls of identify
Books
 b - a book of Callings

   Spells                             Type                      Level
   a - Summon Small Mammal            Summoning                    1
   b - Call Imp                       Summoning                    2
   c - Call Canine Familiar           Summoning                    3
   d - Summon Guardian Golem          Hexes/Summoning              4
   e - Summon Lightning Spire         Summoning/Air                4
   f - Summon Ice Beast               Ice/Summoning                4


   Skills:
 - Level 1.5 Dodging
 - Level 1.5 Stealth
 - Level 4.0 Spellcasting
 - Level 4.1 Summonings
 + Level 1.7 Ice Magic


You had 2 spell levels left.
You knew the following spells:

 Your Spells              Type           Power        Failure   Level  Hunger
a - Summon Small Mammal   Summ           ###.         3%          1    N/A
b - Call Imp              Summ           ###.....     6%          2    N/A
c - Call Canine Familiar  Summ           ###.....     12%         3    N/A
d - Summon Ice Beast      Ice/Summ       ##......     67%         4    N/A

Dungeon Overview and Level Annotations

Branches:
Dungeon (4/15)
 Temple: D:4-7

Altars:


Innate Abilities, Weirdness & Mutations

You do not eat or drink.
Your flesh is vulnerable to fire.
Your flesh is cold resistant.
You are immune to negative energy.
Your system is resistant to poisons.
You are immune to unholy pain and torment.
You can survive without breathing.


Message History

Read which item? (? for menu, Esc to quit)
Okay, then.
You miss the phantom.
The phantom is heavily damaged.
Your hound bites the iguana.
The phantom hits you!
* * * LOW HITPOINT WARNING * * *
The iguana barely misses your hound.
Your white imp hits the phantom but does no damage.
Your hound bites the iguana but does no damage.
What do you say? t - Shout!
Orders for allies: a - Attack new target. p - Attack previous target. r - Retreat! s - Stop attacking. w - Wait here. f - Follow me.
Anything else - Stay silent.
Gang up on whom?
Press: ? - help, Dir - move target cursor, f/p - phantom
Aim: a phantom (heavily damaged) Attack!
The phantom hits you!
You die...

................
.....<..........#
..........####..##
.........## #..#
.........## #..##
..........# #...#
.....###..## #...##
..### ##..## #....##
. ##....###.@...# #
#......##.W...#..#
......##....h5.....#
....######...l†....##
.## ##...†....#
##.........
..........
...........
........#..


You could see a phantom, an iguana, a friendly hound and a friendly white imp.

Vanquished Creatures
  A hound (D:3)
  2 adders
  A giant mite (D:3)
  2 giant geckos
  An orc (D:3)
  5 bats (D:1)
  3 giant cockroaches (D:1)
  3 goblins
  A hobgoblin (D:3)
  2 jackals (D:3)
  A quokka (D:3)
  2 ball pythons (D:3)
  3 giant newts
  5 kobolds
  3 rats
35 creatures vanquished.

Vanquished Creatures (collateral kills)
  An orc priest (D:3)
  2 orc wizards (D:3)
  4 adders
  5 orcs (D:3)
  4 giant cockroaches (D:1)
  5 goblins
  3 hobgoblins (D:1)
  3 jackals (D:4)
  A quokka (D:2)
  4 bats
  A giant newt (D:1)
  A kobold (D:1)
  2 rats
36 creatures vanquished.

Vanquished Creatures (others)
  2 hounds
  3 white imps
  A bat (D:1)
  A rat (D:1)
7 creatures vanquished.

Grand Total: 78 creatures vanquished

Notes
Turn   | Place    | Note
--------------------------------------------------------------
     0 | D:1      | vatarom, the Mummy Summoner, began the quest for the Orb.
     0 | D:1      | Reached XP level 1. HP: 13/13 MP: 3/3
   419 | D:1      | Reached XP level 2. HP: 10/19 MP: 2/4
   582 | D:1      | Learned a level 2 spell: Call Imp
  1050 | D:1      | Reached skill level 4 in Summonings
  1479 | D:2      | Reached XP level 3. HP: 24/24 MP: 0/6
  1484 | D:2      | Learned a level 3 spell: Call Canine Familiar
  2215 | D:3      | Reached XP level 4. HP: 23/30 MP: 1/9
  2511 | D:3      | Learned a level 4 spell: Summon Ice Beast
  2580 | D:3      | Reached XP level 5. HP: 31/35 MP: 7/13
  2873 | D:3      | Reached skill level 1 in Ice Magic
  3312 | D:4      | Noticed a phantom
  3336 | D:4      | Mangled by a phantom

Action                   |  1- 3 |  4- 6 || total
-------------------------+-------+-------++-------
Melee: Dagger            |    74 |    92 ||   166
       Unarmed           |    10 |       ||    10
       Short sword       |    71 |       ||    71
       Rapier            |     8 |    12 ||    20
 Cast: Summon Small Mamm |    14 |       ||    14
       Call Imp          |    22 |     4 ||    26
       Call Canine Famil |       |     8 ||     8
  Use: Scroll            |     3 |     2 ||     5
 Stab: Distracted        |     2 |       ||     2
